Cogmind - Beta 11.1 @@@ ROGUE MODE // 2022.11.05 @ 14:55:19 Player: BRiNK Result: Destroyed by G-47 Trooper with Particle Gun Performance ------------- Evolutions (2) 1000 Regions Visited (5) 1000 Robots Destroyed (46) 230 Value Destroyed (1351) 1351 Prototype IDs (6) 120 Alien Tech Used (0) 0 Bonus (212) 212 TOTAL SCORE: 3913 Bonus ------- Follower Combat Kills 227 Friendly Fire -15 Cogmind --------- Core Integrity 0/550 Matter 300/300 Energy 280/280 System Corruption 1% Temperature Cool (9) Movement Core (300) Ox5 Location -8/Storage Parts ------- > --- POWER (2) -------- Heavy Ion Engine > --- PROPULSION (4) --- (None) > --- UTILITY (2) ------ Medium Storage Unit Advanced Visual Processing Unit > --- WEAPON (3) ------- (None) > --- INVENTORY (10) --- Aluminum Leg Disposable Heat Sink Power Shielding Peak State ------------ > --- POWER ------------ Improved Ion Engine Light Nuclear Core > --- PROPULSION ------- Carbon-fiber Leg > --- UTILITY ---------- Medium Storage Unit Advanced Visual Processing Unit > --- WEAPON ----------- Particle Gun Minigun Advanced EMP Blaster > --- INVENTORY -------- Improved Ion Engine Heavy Ion Engine Disposable Heat Sink Power Shielding Minigun Datajack [Rating: 22] Favorites ----------- Power Improved Ion Engine Engine Improved Ion Engine Power Core Light Nuclear Core Propulsion Light Treads Treads Light Treads Leg Carbon-fiber Leg Wheel Compact Wheel Flight Unit Improved VTOL Module Utility Medium Storage Unit Storage Medium Storage Unit Processor Advanced Visual Processing Unit Protection Hardened Light Armor Plating Weapon Small Laser Energy Gun Small Laser Ballistic Gun Assault Rifle Launcher Advanced EMP Blaster Special Melee Weapon Datajack Build | -11 -10 -9 -9 -8 -8 ------- Run | Scr Mat Mat Min Mat Sto Slots Evolved 4 | . . 2 . 2 . Power 1 | . . . . 1 . Propulsion 2 | . . 2 . . . Utility . | . . . . . . Weapon 1 | . . . . 1 . Parts Attached 39 | 6 8 6 1 7 11 Power 8 | 1 2 . . 3 2 Engine 7 | 1 2 . . 2 2 Core 1 | . . . . 1 . Reactor . | . . . . . . Propulsion 13 | 2 2 5 . . 4 Treads 9 | 2 2 5 . . . Leg 1 | . . . . . 1 Wheel 2 | . . . . . 2 Hover . | . . . . . . Flight 1 | . . . . . 1 Utility 4 | 1 2 . . 1 . Device . | . . . . . . Storage 2 | 1 1 . . . . Processor 1 | . . . . 1 . Hackware . | . . . . . . Protection 1 | . 1 . . . . Artifact . | . . . . . . Weapon 14 | 2 2 1 1 3 5 Energy Gun 7 | 2 1 1 . 1 2 Energy Cannon . | . . . . . . Ballistic Gun 4 | . 1 . 1 1 1 Ballistic Cannon . | . . . . . . Launcher 1 | . . . . . 1 Special Weapon . | . . . . . . Impact Weapon . | . . . . . . Slashing Weapon . | . . . . . . Piercing Weapon . | . . . . . . Special Melee Weapon 2 | . . . . 1 1 Unidentified Prototypes 4 | . . . . . 4 Parts Lost 18 | . . 1 2 . 15 Power 4 | . . . 1 . 3 Propulsion 7 | . . . . . 7 Utility . | . . . . . . Weapon 7 | . . 1 1 . 5 Highest Loss Streak 5 | . . 1 2 . 5 To Critical Strikes . | . . . . . . Average Slot Usage (%) 83 | . 99 87 87 92 65 Engine 11 | . 14 11 . 15 10 Core 1 | . . . . 2 3 Treads 25 | . 27 32 44 36 9 Storage 10 | . 14 11 11 9 9 Processor 3 | . . . . 1 9 Protection 6 | . 13 11 11 6 . Energy Gun 10 | . 14 10 11 9 7 Ballistic Gun 9 | . 13 11 9 9 7 Special Melee Weapon 1 | . . . . 3 2 Naked Turns . | . . . . . . Heaviest Build 34 | 12 24 22 17 34 34 Greatest Support 86 | 40 46 86 83 83 83 Greatest Overweight (x) 9 | . . . . . 9 Average Overweight (x) . | . . . . . 1 Largest Inventory Capacity 10 | 8 10 10 10 10 10 Average Capacity 9 | 7 9 10 10 10 10 Most Carried 9 | 7 5 9 8 7 7 Average Carried 5 | 4 3 5 7 4 4 Final Capacity 10 | 8 10 10 10 10 10 Final Carried 7 | 4 5 7 7 5 3 Class Distribution -------------------- 61% | Mutant 32% | Scavenger-Mutant 6% | Skirmisher Dominant Class ---------------- Mutant | -10/Materials Mutant | -9/Materials Scavenger-Mutant | -9/Mines Scavenger-Mutant | -8/Materials Mutant | -8/Storage Resources | -11 -10 -9 -9 -8 -8 ----------- Run | Scr Mat Mat Min Mat Sto Matter Collected 924 | 224 164 134 19 62 321 Remotely . | . . . . . . Salvage Created 1771 | . 241 389 117 88 936 Parts 112 | . 16 26 11 4 55 Haulers Intercepted . | . . . . . . Recyclers Shooed 2 | . . . 2 . . Parts Field Recycled . | . . . . . . Retrieved Matter . | . . . . . . Parts Self-Destructed . | . . . . . . Prevented . | . . . . . . Kills | -11 -10 -9 -9 -8 -8 ------- Run | Scr Mat Mat Min Mat Sto Combat Hostiles Destroyed 32 | . 7 5 6 . 14 Guns 26 | . 6 5 6 . 9 AOE 6 | . 1 . . . 5 Classes Destroyed 11 | . 3 3 1 1 3 Worker 1 | . . . . . 1 Builder 3 | . . . . 1 2 Recycler 3 | . . 1 . 1 1 Mechanic 2 | . . . . . 2 Watcher 5 | . 1 3 . . 1 Swarmer 8 | . 3 . 5 . . Grunt 15 | . 4 2 . . 9 Brawler 1 | . . 1 . . . Duelist 2 | . . . 1 . 1 Sentry 4 | . . 2 . . 2 Hunter 2 | . . . . . 2 Best Kill Streak 7 | . 4 4 4 1 7 Combat Bots Only 5 | . 3 3 4 . 5 Max Kills in Single Turn 2 | . 1 2 1 1 2 Gunslinging 1 | . . 1 . . . Exploded 1 | . 1 . . . 1 Melee . | . . . . . . Uniques/NPCs Destroyed . | . . . . . . Combat | -11 -10 -9 -9 -8 -8 -------- Run | Scr Mat Mat Min Mat Sto Damage Taken 3039 | . 184 436 329 143 1947 Core 701 | . 35 71 45 . 550 Absorbed by Shields . | . . . . . . Core Remaining (%) 85 | 100 86 . 71 . . Volleys Fired 141 | 1 16 28 18 14 64 Largest 3 | 2 2 2 2 2 3 Hottest 140 | 80 60 60 60 90 140 Shots Fired 258 | 2 32 52 29 28 115 Gun 252 | 2 32 52 29 28 109 Cannon . | . . . . . . Launcher 6 | . . . . . 6 Special . | . . . . . . Kinetic 119 | . 16 28 11 14 50 Thermal 87 | 2 . 17 18 14 36 Explosive . | . . . . . . Electromagnetic 52 | . 16 7 . . 29 Robot Hit Streak 12 | . 8 11 9 8 12 Robot Miss Streak 8 | . 4 2 8 2 4 Penetration Max . | . . . . . . Secondary Targets 4 | . 2 2 . . . Max Gunslinging Chain 1 | . 1 1 . . . Shots Hit Robots 159 | . 20 36 16 19 68 Core Hits 80 | . 11 15 8 9 37 Critical Kills . | . . . . . . Critical Parts Destroyed . | . . . . . . Critical Strikes 3 | . . . . 1 2 Burn 3 | . . . . 1 2 Melee Attacks 5 | . . . . 1 4 Impact . | . . . . . . Slashing . | . . . . . . Piercing . | . . . . . . Sneak Attacks 3 | . . . . 1 2 Combat Hostiles . | . . . . . . Follow-up Attacks . | . . . . . . Damage Inflicted 3165 | . 354 498 198 204 1911 Guns 2269 | . 252 453 198 204 1162 Cannons . | . . . . . . Explosions 883 | . 102 42 . . 739 Melee . | . . . . . . Ramming 13 | . . 3 . . 10 Kinetic 972 | . 114 265 43 68 482 Thermal 1370 | . 102 176 155 136 801 Explosive . | . . . . . . Electromagnetic 810 | . 138 54 . . 618 Impact . | . . . . . . Slashing . | . . . . . . Piercing . | . . . . . . Highest Corruption 1 | . 1 . . 1 1 Average Corruption 1 | . 1 . . 1 1 Corruption Purged . | . . . . . . Corruption Blocked . | . . . . . . Effects 12 | . 2 . . 1 9 Message Errors 4 | . 1 . . 1 2 Matter Fused 2 | . . . . . 2 Heat Flow Errors 1 | . . . . . 1 Energy Discharges 1 | . . . . . 1 Data Loss (minor) 2 | . 1 . . . 1 Alerts 1 | . . . . . 1 Weapon Failures 1 | . . . . . 1 Overload Shots . | . . . . . . Overflow Damage 23 | . 4 . . . 19 Projectiles . | . . . . . . Explosions 23 | . 4 . . . 19 Melee . | . . . . . . Knockbacks . | . . . . . . Impact . | . . . . . . Kinetic . | . . . . . . Secondary . | . . . . . . Self-Inflicted Damage 196 | . . . . . 196 Shots 8 | . . . . . 8 Rammed 5 | . . 1 . . 4 Targets Rammed 6 | . . 1 . . 5 Kicked . | . . . . . . Crushed 1 | . . . . . 1 Highest Temperature 222 | 18 135 186 28 184 222 Average Temperature 61 | 12 52 58 11 86 61 Received Heat Transfer 1026 | . 18 198 18 99 693 Siege Activations . | . . . . . . Robots Corrupted . | . . . . . . Combat Hostiles . | . . . . . . Parts Fried . | . . . . . . Impact Corruptions . | . . . . . . Robots Melted . | . . . . . . Combat Hostiles . | . . . . . . Parts Melted 2 | . . . . . 2 Heat Transferred 2659 | . 100 300 350 397 1512 Parts Sabotaged . | . . . . . . Parts Stolen . | . . . . . . Parts Stripped . | . . . . . . Power Chain Reactions 8 | . 2 1 . . 5 Missiles Intercepted . | . . . . . . Alert | -11 -10 -9 -9 -8 -8 ------- Run | Scr Mat Mat Min Mat Sto Peak Influence 308 | . 308 219 220 222 291 Initial 85 | . . 47 40 85 15 Average 118 | . 93 125 139 119 135 Maximum Alert Level 1 | . 1 1 1 1 1 Low Security (%) 85 | 100 84 85 91 83 81 Level 1 14 | . 15 14 8 16 18 Level 2 . | . . . . . . Level 3 . | . . . . . . Level 4 . | . . . . . . Level 5 . | . . . . . . High Security . | . . . . . . Max Security . | . . . . . . Squads Dispatched 13 | . 5 . . 1 7 Investigation 6 | . 4 . . 1 1 Extermination . | . . . . . . Reinforcement 4 | . 1 . . . 3 Assault . | . . . . . . Garrison 3 | . . . . . 3 Intercept . | . . . . . . Searches Triggered . | . . . . . . Construction Impeded 3 | . . . . . 3 Haulers Reinforced . | . . . . . . Active Scanning Responses . | . . . . . . Cargo Convoy Interrupts . | . . . . . . Stealth | -11 -10 -9 -9 -8 -8 --------- Run | Scr Mat Mat Min Mat Sto Distress Signals 3 | . 2 1 . . . Communications Jammed . | . . . . . . Distress Signals . | . . . . . . Times Spotted 67 | . 12 13 9 5 28 Peak Tracking Total 5 | . 5 4 4 2 5 Tactical Retreats 3 | . 1 . . . 2 Traps | -11 -10 -9 -9 -8 -8 ------- Run | Scr Mat Mat Min Mat Sto Traps Triggered . | . . . . . . Indirectly . | . . . . . . Trap Hack Attempts . | . . . . . . Triggered . | . . . . . . Disarmed 2 | . . . . 2 . Reprogrammed 6 | . 6 . . . . Reused 1 | . 1 . . . . Traps Extracted . | . . . . . . Installed . | . . . . . . Triggered 1 | . 1 . . . . Machines | -11 -10 -9 -9 -8 -8 ---------- Run | Scr Mat Mat Min Mat Sto Machines Disabled 6 | . 2 1 . . 3 Max in Single Turn 2 | . 2 1 . . 2 Machines Sabotaged . | . . . . . . Garrisons Compromised . | . . . . . . Overloaded Fab Kills . | . . . . . . Hacking | -11 -10 -9 -9 -8 -8 --------- Run | Scr Mat Mat Min Mat Sto Machines Accessed 9 | . 4 2 . 2 1 Terminals 9 | . 4 2 . 2 1 Fabricators . | . . . . . . Repair Stations . | . . . . . . Recycling Units . | . . . . . . Scanalyzers . | . . . . . . Garrison Access . | . . . . . . Total Hacks 27 | . 11 6 . 7 3 Successful 15 | . 8 4 . 2 1 Failed 12 | . 3 2 . 5 2 Catastrophic 4 | . 1 . . 3 . Database Lockouts . | . . . . . . Manual 4 | . . 1 . . 3 Terminals 27 | . 11 6 . 7 3 Fabricators . | . . . . . . Repair Stations . | . . . . . . Recycling Units . | . . . . . . Scanalyzers . | . . . . . . Garrison Access . | . . . . . . Terminal Hacks 15 | . 8 4 . 2 1 Record 4 | . 2 2 . . . Prototype ID Bank 1 | . 1 . . . . Branch Access Points 2 | . . 1 . 1 . Recycling Unit Index 1 | . 1 . . . . Locate Traps 1 | . . 1 . . . Disarm Traps 1 | . . . . 1 . Reprogram Traps 1 | . 1 . . . . Dispatch Records 1 | . 1 . . . . Recall Investigation 1 | . . . . . 1 Hauler Manifests 1 | . 1 . . . . Zone Layout 1 | . 1 . . . . Fabricator Hacks . | . . . . . . Repair Station Hacks . | . . . . . . Recycling Unit Hacks . | . . . . . . Scanalyzer . | . . . . . . Garrison Access Hacks . | . . . . . . Unauthorized Hacks . | . . . . . . Terminals . | . . . . . . Fabricators . | . . . . . . Repair Stations . | . . . . . . Recycling Units . | . . . . . . Scanalyzers . | . . . . . . Garrison Access . | . . . . . . Data Cores Recovered . | . . . . . . Used . | . . . . . . Hacking Detections 8 | . 3 2 . 2 1 Full Trace Events 6 | . 3 1 . 1 1 Feedback Events 2 | . 1 . . 1 . Corruption 2 | . 1 . . 1 . Feedback Blocked . | . . . . . . Robot Schematics Acquired . | . . . . . . Robots Built . | . . . . . . Authchips . | . . . . . . Time . | . . . . . . Total Robot Build Rating . | . . . . . . Part Schematics Acquired . | . . . . . . Parts Built . | . . . . . . Authchips . | . . . . . . Time . | . . . . . . Total Part Build Rating . | . . . . . . Parts Repaired . | . . . . . . Time . | . . . . . . Parts Recycled . | . . . . . . Recycled Matter . | . . . . . . Retrieved Matter . | . . . . . . Retrieved Components . | . . . . . . Parts Scanalyzed . | . . . . . . Part Schematics Acquired . | . . . . . . Parts Damaged . | . . . . . . Bothacking | -11 -10 -9 -9 -8 -8 ------------ Run | Scr Mat Mat Min Mat Sto Used RIF Installer . | . . . . . . Robots Hacked 3 | . . . . 1 2 Non-combat 2 | . . . . 1 1 Combat 1 | . . . . . 1 Robot Hacks Applied 4 | . . . . 1 3 parse_system 2 | . . . . . 2 no_distress 2 | . . . . 1 1 Relay Couplers Released . | . . . . . . Fabnet Peak Effective % . | . . . . . . Robots Rewired . | . . . . . . Allies Hacked . | . . . . . . Hacks Repelled . | . . . . . . Allies | -11 -10 -9 -9 -8 -8 -------- Run | Scr Mat Mat Min Mat Sto Total Allies 2 | . . . 2 . . Largest Group 2 | . . . 2 1 1 Highest-Rated Group 43 | . . . 43 31 31 Highest-Rated Ally 31 | . . . 31 31 31 Total Orders . | . . . . . . Ally Attacks 42 | . . . 22 14 6 Total Damage 628 | . . . 292 233 103 Kills 11 | . . . 3 5 3 Allies Corrupted . | . . . . . . Allies Melted . | . . . . . . Intel | -11 -10 -9 -9 -8 -8 ------- Run | Scr Mat Mat Min Mat Sto Robot Analysis Total . | . . . . . . Derelict Logs Recovered . | . . . . . . Drone Launches . | . . . . . . Drone Recoveries . | . . . . . . Exploration | -11 -10 -9 -9 -8 -8 ------------- Run | Scr Mat Mat Min Mat Sto Turns Passed 2810 | 109 553 485 281 431 951 Spaces Moved 1340 | 65 303 241 147 235 349 Core 73 | 11 . . . . 62 Treads 1167 | 54 303 241 147 235 187 Legs 5 | . . . . . 5 Wheels 73 | . . . . . 73 Hover . | . . . . . . Flight 22 | . . . . . 22 Fastest Speed 50 | 50 160 160 160 160 100 Average Speed 173 | 141 160 160 160 160 213 Slowest Speed 500 | 160 160 160 160 160 500 Overloaded Moves . | . . . . . . Propulsion Burnouts . | . . . . . . Robots Hopped . | . . . . . . Cave-ins Triggered . | . . . . . . Exploration Rate (%) 25 | 4 52 26 20 13 40 Regions Visited 5 Branch Regions 2 Pre-discovered Areas . | . . . . . . Known Exits Taken 2 | . . 1 . 1 . Unknown Exits Taken 3 | 1 1 . 1 . . Scrap Searched . | . . . . . . Spaces Dug . | . . . . . . Terrain Destroyed 66 | . 12 3 . . 51 Melee . | . . . . . . Projectile . | . . . . . . AOE 66 | . 12 3 . . 51 Terrain Rammed . | . . . . . . Walls Destroyed . | . . . . . . Machines Disabled . | . . . . . . Actions | -11 -10 -9 -9 -8 -8 --------- Run | Scr Mat Mat Min Mat Sto Total 1581 | 80 340 288 166 265 442 Wait . | . . . . . . Move 1335 | 64 302 240 146 234 349 Hop . | . . . . . . Pick Up 40 | 9 8 9 1 5 8 Fast Attach 1 | 1 . . . . . Attach 27 | 5 3 3 1 4 11 Detach 1 | . . . . . 1 Swap 11 | . 5 3 . 3 . Drop 14 | . 6 4 . 4 . Fire 141 | 1 16 28 18 14 64 Melee 5 | . . . . 1 4 Ram 1 | . . . . . 1 Kick . | . . . . . . Crush 5 | . . 1 . . 4 Escape Stasis . | . . . . . . Rewire . | . . . . . . Trap . | . . . . . . Miscellaneous . | . . . . . . Route ------- -11/Scrapyard -10/Materials -9/Materials -9/Mines (discovered 2 exits: *Mat x2) -8/Materials (discovered 2 exits: *Sto x2) -8/Storage History --------- Turn | Location | Event 13 | -11/Scrapyard | Discovered new exit (range 16) 110 | -11/Scrapyard | Entered Materials 317 | -10/Materials | Build established: Mutant 500 | -10/Materials | Discovered new exit (range 12) 663 | -10/Materials | Entered another Materials area 663 | -9/Materials | Evolved 2 slots: Propulsion x2 957 | -9/Materials | Identified exit to Mines 1148 | -9/Materials | Entered Mines 1191 | -9/Mines | Discovered new exit (range 6) 1265 | -9/Mines | Discovered new exit (range 15) 1429 | -9/Mines | Entered Materials 1429 | -8/Materials | Accompanied by 1 ally 1429 | -8/Materials | Evolved 2 slots: Power x1, Weapon x1 1434 | -8/Materials | Led the pair of lost Derelicts to an unsafe place 1470 | -8/Materials | Build established: Scavenger-Mutant 1758 | -8/Materials | Discovered new exit (range 5) 1830 | -8/Materials | Identified exit to Storage 1860 | -8/Materials | Entered Storage 1860 | -8/Storage | Accompanied by 1 ally 2325 | -8/Storage | Lost 5 parts (1p2n2w) 2530 | -8/Storage | Garrison activated, responded to threat 2569 | -8/Storage | Build established: Mutant 2692 | -8/Storage | Core integrity fell below 50% 2701 | -8/Storage | Garrison activated, responded to threat 2771 | -8/Storage | Core integrity fell below 20% 2773 | -8/Storage | Lost 3 parts (1n2w) 2811 | -8/Storage | Destroyed by G-47 Trooper with Particle Gun Last Messages --------------- 02691_ Critical hit (Burn: +37). 02691_ Com. Wheel severed. 02692_ R-06 Scavenger collects Lgt. Ion Engine. 02699_ Acquired Particle Gun. 02701_ L-31 Rogue calls for garrison reinforcements. 02701_ ALERT: Activating Garrison Access S001. 02707_ System corrupted: Matter fused (-5). 02709_ L-31 Rogue destroyed. 02710_ K-01 Serf collects debris. 02711_ Acquired 30 matter. 02712_ Identified Hvy. Ion Engine. 02713_ Acquired 10 matter. 02726_ Particle Gun destroyed. 02731_ Imp. VTOL Module destroyed. 02733_ Critical hit (Burn: +37). 02742_ Datajack destroyed. 02748_ Slammed into K-01 Serf. 02784_ BDH0WHGGFDHS,PLO :CK KD 02789_ Critical hit (Burn: +37). 02801_ Component Storage disabled. Map ----- +----------------------------------------------------+ | ?????????????????????????? | | ?????????????????????????? | | ?????????????????????????? | | ?????????????????????????? | | ?????????????????????????? | | ?????????????????????????? | | ?????????????????????????? | | ?????????????????????????? | | ?????????????????????????? | | ?????????????????????????? | | ?????????????????????????? | | ?????????????????????????? | | ?????????????????????????? | | ?????????????#####???????? | | ????????????? ! ???????? | | ?????????????? ! ????????? | | ?????????????? ????????? | | ?????????????? [????????? | | ?????????????? ????????? | | ?????????????? ????????? | | ?????###?????? ????????? | | ######T####??? ????????? | | # #??? ??????#?? | | # """ """ #+###+###### ### | | # """ """ # | | #@""" """ + % | | # """ # [ | | #g"" ###+#+######## # | | #gg g # %[ #??# # | | # # """ " #??# # | | ########k## " " #??# # | | ???????# ##% """"" #??# # | | ???????# ## ""??" #??# | | ???????# ##%"???" #?## # | | ???????# ## """"" #### # | | ???????# ## !!%=+!%=%# | | ??###### ##/############%# | | ??# ## %#????????# #!# | | ??# #????????? #!# | | ??# %#######????????? #[# | | ??##=##???????????????##=# | | ???#[#???????######??###%= | | ???#%#####???? #??# #%% | | ?###%== #???? #??###!# | | ?# #= = #???? T#????#!# | | ?# #/#! =#???? #?????#*# | | # =# =%######/########!# | | # = ! %% | | # ######### | | # # #???????? | +----------------------------------------------------+ Best States ------------- Heat Dissipation 31 Energy Generation 21 Energy Capacity 430 Matter Stores 300 Matter Capacity 300 Sight Range 20 Terrain Scan Density 10 Armor Coverage 150 Evasion (%) 40 Recoil Reduction 4 Item Schematics ----------------- None Robot Schematics ------------------ None Fabricated ------------ Nothing Alien Tech Used ----------------- None Achievements -------------- Party Time Challenges ------------ None Game ------ Seed WaveAerolevGuard Manual? 0 Play Time 00:34:20 Cumulative 7.5 hours Start 2022.11.05 @ 14:22:25 End 2022.11.05 @ 14:55:19 Sessions 1 Manual Loads 0 Difficulty Rogue Special Mode None Game No. 8 Rogue 8 Adventurer 0 Explorer 0 Win Type - Total 0 Types 0/0/0/0/0/0/0/0/0 Lore% 12 Gallery% 11 Achievement% 10 Wizard Run 0 Options --------- ASCII 0 Keyboard 0 Movement Mouse Keybinds 0 Fullscreen 1 Font 24/Crisp Map View 76x50 Tactical HUD 1 Map Filters NONE Filters NONE Steam 1 RUN: e2261856-accb-4ff5-9d21-55852b4e9d6e